 Dungeon Crawl Stone Soup version 0.26-a0-739-gf55cbd344a (webtiles) character file.

Game seed: 13065067042825069824

8694 marklar909 the Grappler (level 11, -2/92 HPs)
             Began as a White Draconian Transmuter on Nov 6, 2020.
             Was a Priest of Elyvilon.
             Hit by a javelin thrown by Urug (15 damage)
             ... on level 11 of the Dungeon.
             The game lasted 00:22:36 (14905 turns).

marklar909 the Grappler (DrTm)                     Turns: 14905, Time: 00:22:37

Health: -2/92      AC: 13    Str: 16    XL:     11   Next: 13%
Magic:  6/20       EV: 14    Int: 19    God:    Elyvilon [***...]
Gold:   533        SH:  5    Dex: 10    Spells: 11/22 levels left

rFire    + . .     SeeInvis .     - Unarmed
rCold    + . .     Faith    .   (no shield)
rNeg     . . .     Spirit   .   (armour unavailable)
rPois    .         Reflect  +   (helmet restricted)
rElec    .         Harm     .   D - +2 cloak
rCorr    .         Rampage  .   s - +2 pair of gloves
MR       .....                  (no boots)
Stlth    ++........             k - amulet of reflection
HPRegen  0.25/turn              d - ring of protection from fire
MPRegen  0.17/turn              a - +6 ring of intelligence

@: no status effects
A: breathe frost, unfitting armour, stinger 2, clumsy 1, cold resistance 1,
screaming 1, cold-blooded, AC +7
a: Breathe Frost, Lesser Healing, Heal Other, Purification, Divine Protection,
Renounce Religion


You were on level 11 of the Dungeon.
You worshipped Elyvilon.
Elyvilon was most pleased with you.
You visited 2 branches of the dungeon, and saw 12 of its levels.

You collected 728 gold pieces.
You spent 195 gold pieces at shops.

Inventory:

Armour
 s - a +2 pair of gloves (worn)
 D - a +2 cloak (worn)
Jewellery
 a - a +6 ring of intelligence (right hand)
 d - a ring of protection from fire (left hand)
 f - a +6 ring of strength {unknown}
 j - an uncursed ring of magical power
 k - an amulet of reflection (around neck)
 o - a cursed amulet of inaccuracy {unknown}
 q - an uncursed amulet of faith
 u - an uncursed ring of resist corrosion
 B - a cursed ring of teleportation {unknown}
Wands
 w - a wand of digging (10)
 x - a wand of enslavement (9)
 y - a wand of polymorph (4)
Scrolls
 e - 4 scrolls of magic mapping
 h - 7 scrolls of identify
 i - 5 scrolls of remove curse
 m - 5 scrolls of fear
 t - a scroll of immolation
 z - a scroll of holy word {unknown}
 A - 3 scrolls of enchant armour
 C - a scroll of teleportation
Potions
 b - 3 potions of might
 c - a potion of lignification
 g - a potion of heal wounds
 l - 3 potions of haste
 n - 3 potions of flight
 p - 2 potions of resistance
 v - a potion of ambrosia {unknown}


   Skills:
 * Level 7.3 Fighting
 + Level 5.2 Dodging
 + Level 2.8 Stealth
 + Level 9.3 Unarmed Combat
 + Level 6.1 Spellcasting
 * Level 8.4 Transmutations
 + Level 3.6 Poison Magic
 * Level 4.5 Invocations
 + Level 0.5 Evocations


You had 11 spell levels left.
You knew the following spells:

 Your Spells              Type           Power        Failure   Level
a - Beastly Appendage     Tmut           #####.       1%          1
b - Wereblood             Tmut           #####...     1%          2
c - Spider Form           Tmut/Pois      ####......   2%          3
d - Blade Hands           Tmut           #####.....   10%         5

Your spell library contained the following spells:

 Spells                   Type           Power        Failure   Level
 Foxfire                  Conj/Fire      #...         11%         1
 Ice Form                 Ice/Tmut       ###.....     19%         4
 Conjure Flame            Conj/Fire      #.......     32%         3
 Inner Flame              Hex/Fire       #.......     32%         3
 Hydra Form               Tmut           #####.....   45%         6
 Irradiate                Conj/Tmut      ###.......   47%         5
 Sticky Flame             Conj/Fire      #.......     73%         4
 Statue Form              Tmut/Erth      ###......    96%         6
 Dragon Form              Tmut           #####.....   96%         7
 Fireball                 Conj/Fire      #.........   97%         5


Dungeon Overview and Level Annotations

Branches:
Dungeon (11/15)            Temple (1/1) D:5            Lair (0/6) D:9
    Orc (0/2) D:11

Altars:
Ashenzari
Cheibriados
Dithmenos
Elyvilon
Fedhas
Gozag
Hepliaklqana
Kikubaaqudgha
Makhleb
Nemelex Xobeh
Okawaru
Qazlal
Ru
Sif Muna
Trog
Uskayaw
Vehumet
Wu Jian
Xom
Yredelemnul
Zin
The Shining One

Shops:
D:4 [   D:8 :[:(

Annotations:
D:3 3 runed translucent doors, OTABOTABOTAB's ghost, amateur GrFi
D:11 Urug


Innate Abilities, Weirdness & Mutations

You can breathe waves of freezing cold.
You can buffet flying creatures when you breathe cold.
Your icy white scales are hard. (AC +7)
You cannot fit into any form of body armour.
Your flesh is cold resistant. (rC+)
You are cold-blooded and may be slowed by cold attacks.
Your tail ends in a sharp poisonous barb.
You are clumsy. (Dex -2)
You occasionally shout uncontrollably at your foes.


Message History

[a rock wall.]
The rock shatters into small pieces.
You feel sick.
You feel sick.
Your transformation is almost over.
Urug is nearby!
You feel sick.
Your primal bloodlust is almost over.
Urug is nearby!
You howl as the wereblood boils in your veins!
You howl as the wereblood boils in your veins!
You feel sick.
Your hands revert to their normal proportions.
Your +2 pair of gloves unmelds from your body.
Your primal bloodlust has ended.
There is a stone staircase leading up here.
You feel sick.
You are no longer poisoned.
Urug throws a javelin.
The javelin pierces through you!
You die...

##.......##.#
#...o.....#.##
##.........##.#
#...........#.##
#............#.#
##.........†.#.##
##..........##.##
#...........#..#
####.@.....###.#
###...### ###
#####


You could see Urug.

Vanquished Creatures
  Snorg (D:9)
  Erica (D:9)
  A two-headed ogre (D:6)
  A cyclops (D:10)
  A troll (D:10)
  Prince Ribbit (D:6)
  A hornet (D:9)
  Grinder (D:6)
  Eustachio (D:6)
  Sigmund (D:2)
  A soldier ant (D:11)
  A water moccasin (D:11)
  An acid dragon (D:11)
  3 orc warriors
  Duvessa (D:4)
  2 ice beasts
  2 sky beasts
  3 phantoms
  A black bear (D:6)
  A necrophage (D:5)
  2 ogres (D:8)
  6 centaurs
  6 bullfrogs
  A gnoll sergeant (D:10)
  A wyvern zombie (D:8)
  Dowan (D:4)
  3 scorpions
  13 killer bees
  4 wights (D:11)
  A howler monkey (D:9)
  A centaur zombie (D:6)
  7 hounds
  2 quasits
  A bullfrog skeleton (D:9)
  A jelly (D:10)
  4 orc priests
  2 orc wizards
  2 centaur skeletons
  Ijyb (D:3)
  4 iguanas
  Natasha (D:4)
  5 worker ants
  A hound zombie (D:5)
  A mummy (D:5)
  A worker ant zombie (D:11)
  Robin (D:2)
  9 gnolls
  11 adders
  4 white imps
  An ufetubus (D:8)
  2 oozes
  A worm (D:3)
  A dart slug (D:3)
  9 leopard geckos
  28 orcs
  3 giant cockroaches
  21 goblins
  6 hobgoblins (D:2)
  10 jackals
  4 quokkas
  2 ball pythons
  7 bats
  3 frilled lizards
  A giant cockroach zombie (D:5)
  4 kobolds
  A leopard gecko zombie (D:5)
  A quokka skeleton (D:5)
  9 rats
237 creatures vanquished.

Vanquished Creatures (others)
  10 plants (D:2)
10 creatures vanquished.

Grand Total: 247 creatures vanquished

Notes
Turn   | Place    | Note
-------+----------+-------------------------------------------
     0 | D:1      | marklar909 the Draconian Transmuter began the quest for the
                  | Orb.
     0 | D:1      | Reached XP level 1. HP: 16/16 MP: 3/3
   230 | D:1      | Reached XP level 2. HP: 20/23 MP: 5/5
   706 | D:1      | Reached XP level 3. HP: 25/28 MP: 4/6
  1038 | D:2      | Noticed Sigmund
  1043 | D:2      | Learned a level 2 spell: Wereblood
  1047 | D:2      | Learned a level 3 spell: Spider Form
  1419 | D:2      | Found a basalt altar of Yredelemnul.
  1421 | D:2      | Found a hazy altar of Hepliaklqana.
  1422 | D:2      | Found a shimmering altar of Xom.
  1422 | D:2      | Found an opulent altar of Gozag.
  1422 | D:2      | Found a sparkling altar of Nemelex Xobeh.
  1652 | D:3      | Reached XP level 4. HP: 32/35 MP: 5/7
  1686 | D:3      | Reached skill level 4 in Unarmed Combat
  1696 | D:3      | Noticed Ijyb
  1717 | D:3      | Killed Ijyb
  1811 | D:3      | Found a runed translucent gate.
  1811 | D:3      | Found a runed translucent gate.
  1811 | D:3      | Found a runed translucent gate.
  1811 | D:3      | Noticed OTABOTABOTAB's ghost (amateur GrFi)
  1940 | D:3      | You fall into a shaft and drop 2 floors!
  1940 | D:5      | Entered Level 5 of the Dungeon
  1940 | D:5      | Found a staircase to the Ecumenical Temple.
  1947 | Temple   | Entered the Ecumenical Temple
  2171 | Temple   | Became a worshipper of Elyvilon the Healer
  2219 | D:5      | Noticed an ice beast
  2249 | D:5      | Killed an ice beast
  2249 | D:5      | Reached XP level 5. HP: 18/40 MP: 3/9
  2467 | D:4      | Noticed Dowan
  2467 | D:4      | Noticed Duvessa
  2468 | D:4      | Noticed a phantom
  2600 | D:4      | Killed Duvessa
  2600 | D:4      | Reached XP level 6. HP: 36/47 MP: 5/10
  3352 | D:4      | Noticed an orc warrior
  3716 | D:3      | Reached * piety under Elyvilon
  4151 | D:2      | Killed Sigmund
  4151 | D:2      | Reached skill level 1 in Stealth
  4151 | D:2      | Reached skill level 5 in Unarmed Combat
  4151 | D:2      | Reached skill level 1 in Poison Magic
  4176 | D:2      | Your scales start taking on an icy white colour.
  4176 | D:2      | Reached XP level 7. HP: 42/55 MP: 6/12
  4176 | D:2      | Gained mutation: Your flesh is cold resistant. (rC+) [White
                  | Draconian growth]
  4429 | D:2      | Noticed Robin
  4430 | D:2      | Found a faded altar of an unknown god.
  4477 | D:2      | Killed Robin
  5158 | D:2      | Learned a level 5 spell: Blade Hands
  5892 | D:4      | Killed Dowan
  6043 | D:4      | Reached ** piety under Elyvilon
  6055 | D:4      | Found a stormy altar of Qazlal.
  6062 | D:4      | Found a shadowy altar of Dithmenos.
  6087 | D:4      | Noticed Natasha
  6094 | D:4      | Killed Natasha
  6164 | D:4      | Found Nuanuon's Antique Armour Emporium.
  6171 | D:4      | Bought a pair of glowing gloves for 195 gold pieces
  6409 | D:5      | Reached XP level 8. HP: 44/61 MP: 10/13
  6899 | D:5      | Reached skill level 5 in Transmutations
  6945 | D:5      | Gained mutation: You are frail. (-10% HP) [mutagenic glow]
  6951 | D:5      | Lost mutation: You are frail. (-10% HP) [potion of
                  | mutation]
  6951 | D:5      | Gained mutation: You are clumsy. (Dex -2) [potion of
                  | mutation]
  6951 | D:5      | Gained mutation: You occasionally shout uncontrollably at
                  | your foes. [potion of mutation]
  6951 | D:5      | Gained mutation: Your tail ends in a poisonous barb.
                  | [potion of mutation]
  6951 | D:5      | Gained mutation: Your tail ends in a sharp poisonous barb.
                  | [potion of mutation]
  7198 | D:5      | Reached skill level 6 in Unarmed Combat
  7660 | D:6      | Noticed a two-headed ogre
  7671 | D:6      | Killed a two-headed ogre
  7671 | D:6      | Reached skill level 7 in Unarmed Combat
  7671 | D:6      | Reached XP level 9. HP: 35/72 MP: 12/15
  7856 | D:6      | Reached *** piety under Elyvilon
  7878 | D:6      | Noticed Grinder
  7894 | D:6      | Killed Grinder
  8019 | D:6      | Noticed Eustachio
  8046 | D:6      | Killed Eustachio
  8046 | D:6      | Reached skill level 5 in Fighting
  8543 | D:6      | Noticed Prince Ribbit
  8558 | D:6      | Killed Prince Ribbit
  8652 | D:6      | Reached skill level 8 in Unarmed Combat
  8945 | D:6      | Reached **** piety under Elyvilon
  9305 | D:7      | You fall into a shaft and drop 1 floor!
  9371 | D:8      | Found Utesamm's Armour Boutique.
  9523 | D:8      | Found Piraxe Xuhoo's Book Boutique.
  9691 | D:8      | Found an iron altar of Okawaru.
  9697 | D:8      | Reached skill level 1 in Invocations
  9793 | D:8      | Found Toxzycs's Antique Weapon Boutique.
 10438 | D:8      | Found Diumpiechu's Book Boutique.
 10597 | D:9      | Found a bloodstained altar of Trog.
 10620 | D:9      | Reached skill level 5 in Spellcasting
 10620 | D:9      | Reached XP level 10. HP: 75/83 MP: 17/17
 11092 | D:9      | Reached ***** piety under Elyvilon
 11159 | D:9      | Found a shadowy altar of Dithmenos.
 11242 | D:9      | Found a staircase to the Lair.
 11444 | D:9      | Noticed Erica
 11461 | D:9      | Killed Erica
 11461 | D:9      | Reached skill level 9 in Unarmed Combat
 11595 | D:10     | Entered Level 10 of the Dungeon
 11984 | D:10     | Found a broken altar of Ashenzari.
 11984 | D:10     | Noticed Snorg
 12626 | D:9      | Killed Snorg
 13171 | D:10     | Noticed a cyclops
 13177 | D:10     | Killed a cyclops
 13177 | D:10     | Reached skill level 5 in Dodging
 14099 | D:11     | Reached XP level 11. HP: 68/92 MP: 12/19
 14697 | D:11     | Found a staircase to the Orcish Mines.
 14869 | D:11     | Noticed Urug
 14905 | D:11     | Hit by a javelin thrown by Urug

Illustrated notes

Levels and vault maps discovered:
D:1:      heliophobic_arrival_enchanted_forest, layout_rooms
D:2:      layout_loops_ring, grunt_temple_overflow_open, serial_forest,
          infiniplex_forest_straight_2, infiniplex_forest_3_way,
          infiniplex_forest_clump_long, infiniplex_forest_side_room,
          infiniplex_forest_lined_2, infiniplex_forest_clump_double,
          infiniplex_forest_clump_long, chequers_ecumenical_altar_island,
          uniq_robin, uniq_sigmund
D:3:      layout_loops_corners, gammafunk_ghost_split, uniq_ijyb
D:4:      layout_loops_ring, grunt_qazlal_sundering, serial_shops, shop,
          grunt_dithmenos_smoke, uniq_duvessa, uniq_natasha
D:5:      layout_basic, minmay_temple_entry_mist, gup_ossuary_entry_pyramid
D:6:      layout_gridville, uniq_prince_ribbit1, uniq_grinder, uniq_eustachio
D:7:      layout_cave_pools, old_standard_altar, hellmonk_ghost_happy_afterlife,
          minivault_22, nicolae_water_bricks, uniq_crazy_yiuf_cottage,
          uniq_menkaure
D:8:      layout_loops_ring, old_standard_altar, serial_shops, shop,
          nicolae_shop_behind_doors, nicolae_shop_behind_doors,
          nicolae_shop_behind_doors, hangedman_abyss_or_decor_clamps,
          kennysheep_dice
D:9:      mumra_celtic_spiral_tile, layout_gridville,
          lemuel_coloured_pillars_altar, old_standard_altar, lair_entry_dummy,
          uniq_erica
D:10:     layout_roguey, minmay_misc_feat_doors, evilmike_ruin_ashenzari,
          uniq_snorg
D:11:     layout_cave_pods, orc_0_dummy, serial_shops, shop,
          kennysheep_little_box, nicolae_shop_window_shopping, uniq_urug
Temple:   minmay_temple_bridge_abc

Skill      XL: |  1  2  3  4  5  6  7  8  9 10 11 |
---------------+----------------------------------+-----
Dodging        | 2 3 4 5 |  5.2
Unarmed Combat | 4 5 7 8 9 |  9.3
Transmutations | 3 4 5 6 8 |  8.4
Spellcasting   | 3 4 5 6 |  6.1
Fighting       | 2 3 4 6 7 |  7.3
Stealth        | 1 2 |  2.8
Poison Magic   | 1 2 3 |  3.6
Invocations    | 2 4 |  4.5
Evocations     | |  0.5

Action                   |  1- 3 |  4- 6 |  7- 9 | 10-12 || total
-------------------------+-------+-------+-------+-------++-------
Melee: Unarmed           |   150 |    95 |   346 |   153 ||   744
       Kick              |    16 |     1 |       |       ||    17
       Headbutt          |    12 |     2 |       |       ||    14
       Tailslap          |     9 |     2 |     2 |     6 ||    19
       Punch             |     1 |       |       |     1 ||     2
 Cast: Beastly Appendage |    25 |     2 |       |       ||    27
       Wereblood         |     1 |     7 |     4 |     5 ||    17
       Spider Form       |       |    17 |    46 |     6 ||    69
       Blade Hands       |       |       |     1 |    24 ||    25
Invok: Lesser Healing    |       |       |     1 |       ||     1
 Abil: Breathe Frost     |       |       |    14 |     5 ||    19
Evoke: Wand              |       |       |       |     6 ||     6
  Use: Scroll            |       |       |    10 |     7 ||    17
       Potion            |       |       |     6 |       ||     6
 Stab: Sleeping          |       |       |     2 |       ||     2
Armor: Skin              |    57 |     5 |    24 |    57 ||   143
Dodge: Dodged            |   103 |   119 |   277 |   165 ||   664
Block: Other             |       |       |       |    27 ||    27
       Reflection        |       |       |       |     1 ||     1

Table legend: (Time is in decaauts)
 A = Elapsed time spent in this place.
 B = Non-inter-level travel time spent in this place.
 C = Inter-level travel time spent in this place.
 D = Time resting spent in this place.
 E = Time spent auto-exploring this place.
 F = Levels seen in this place.
 G = Mean time per level.
                   A        B        C        D        E       F      G
               +--------+--------+--------+--------+--------+-----+--------+
         Total |  14816 |  14327 |    489 |   3101 |   9207 |  12 | 1234.7 |
       Dungeon |  14555 |  14104 |    451 |   3101 |   8996 |  11 | 1323.2 |
        Temple |    260 |    222 |     38 |      0 |    211 |   1 |  260.0 |
               +--------+--------+--------+--------+--------+-----+--------+

Top non-repeatable levels by time:
     D:5: 2218 daAuts
     D:9: 1941 daAuts
     D:6: 1737 daAuts
     D:2: 1517 daAuts
    D:10: 1439 daAuts
     D:8: 1240 daAuts
     D:4: 1237 daAuts
     D:3: 1231 daAuts
     D:1: 1017 daAuts
    D:11: 948 daAuts
  Temple: 260 daAuts
     D:7: 27 daAuts
